AoeStats
← El Tlacuache

Socotra

515519599Analyzed
1v1 RM · 15d ago on Oct 22, 2026· 26m 54s· 2 players
Game mode
Random Map
Map size
96×96
Population
200
Speed
Normal
Resources
Standard
Victory
Conquest
Starting age
Dark Age
Ending age
Imperial Age
RankedLock teamsTeams togetherTeam positionsShared explorationLock speedFull tech treeHidden civsTurbo modeCheats
Victory
Defeat
🇲🇽 Khmer · Mexico
1456
+14
vs
🇨🇱 Persians · Chile
1418
-14
AiM | Arcantos
4:15 Loom
12:20 Feudal Age
12:24 Man-at-Arms
15:49 Town Watch
18:25 Fletching
27:29 Castle Age
El Tlacuache
3:20 Loom
12:33 Feudal Age
21:20 Castle Age
27:11 Town Watch
Connection lost

Rejoining the realm…

Still unreachable

The connection could not be restored.

Session expired

The server has moved on; the page needs a fresh start.